 Dungeon Crawl Stone Soup version 0.21-a0-244-gd4adca8 (webtiles) character file.

26009 Manul the Spear-Bearer (level 12, -11/97 HPs)
             Began as a Mummy Gladiator on Sept 4, 2017.
             Was an Initiate of Gozag.
             Mangled by Rupert
             ... wielding a +3 great mace of holy wrath
              (35 damage)
             ... on level 2 of the Orcish Mines on Sept 5, 2017.
             The game lasted 00:23:11 (20085 turns).

Manul the Spear-Bearer (Mummy Gladiator)           Turns: 20085, Time: 00:23:13

Health: -11/97     AC: 16    Str: 22 (23) XL:     12   Next: 94%
Magic:  12/12      EV: 20    Int: 11 (13) God:    Gozag
Gold:   2076       SH:  4    Dex: 15      Spells: 11/11 levels left

rFire    x . .     SeeInvis .   w - +2 halberd (chop)
rCold    . . .     Gourm    .   (shield currently unavailable)
rNeg     + + +     Faith    .   m - +2 leather armour "Veulutz" {rC- MR+++ Str+4 Dex-2}
rPois    ∞         Spirit   .   t - +2 hat
rElec    .         Reflect  +   c - +2 cloak
rCorr    .         Harm     .   (no gloves)
MR       +++++                  (no boots)
Stlth    +.........             u - +4 amulet of reflection
HPRegen  0.26/turn              q - +4 ring of evasion
MPRegen  0.13/turn              y - ring of Lyngos {rPois MR+ AC+5 Int+4 Dex+2}

@: no status effects
A: no food or potions, fire vulnerability, cold resistance 1, negative energy
resistance 3, torment resistance, unbreathing
a: Potion Petition, Call Merchant, Bribe Branch, Renounce Religion


You were on level 2 of the Orcish Mines.
You worshipped Gozag.
Gozag was most pleased with you.
You were not hungry.

You visited 3 branches of the dungeon, and saw 15 of its levels.

You collected 3408 gold pieces.
You spent 528 gold pieces at shops.
You paid 804 gold pieces to Gozag.

Inventory:

Hand Weapons
 i - a +0 bardiche
 w - a +2 halberd of chopping (weapon)
Armour
 c - a +2 cloak (worn)
 m - the +2 leather armour "Veulutz" (worn) {rC- MR+++ Str+4 Dex-2}
   (You bought it in a shop on level 6 of the Dungeon)

   It affects your strength (+4).
   It affects your dexterity (-2).
   It makes you vulnerable to cold.
   It affects your resistance to hostile enchantments.
 o - a scarf of cloud immunity
 t - a +2 hat (worn)
 v - a cursed +0 chain mail
Jewellery
 b - a +2 ring of protection {unknown}
 d - an uncursed amulet of the gourmand {unknown}
 e - a cursed ring of teleportation {unknown}
 q - a +4 ring of evasion (left hand)
 u - a +4 amulet of reflection (around neck)
 y - the ring of Lyngos (right hand) {rPois MR+ AC+5 Int+4 Dex+2}
   (You took it off an orc warrior on level 7 of the Dungeon)

   [ring of protection]

   It affects your AC (+5).
   It affects your intelligence (+4).
   It affects your dexterity (+2).
   It protects you from poison.
   It affects your resistance to hostile enchantments.
Wands
 f - a wand of acid (1/15)
 n - a wand of disintegration (5/24)
 s - a wand of disintegration (1/24)
Scrolls
 a - a scroll of immolation {unknown}
 g - 3 scrolls of recharging
 h - 3 scrolls of remove curse
 j - 3 scrolls of enchant armour
 k - 3 scrolls of identify
 l - a scroll of fog
 p - 4 scrolls of magic mapping
 r - 3 scrolls of amnesia
 A - a scroll of fear
 B - 2 scrolls of teleportation
 D - 2 scrolls of blinking
Books
 z - a book of Cantrips

   Spells                             Type                      Level
   a - Confusing Touch                Hexes                        1
   b - Animate Skeleton               Necromancy                   1
   c - Summon Small Mammal            Summoning                    1
   d - Apportation                    Translocation                1
 C - a book of Clouds

   Spells                             Type                      Level
   a - Poisonous Vapours              Poison/Air                   2
   b - Mephitic Cloud                 Conjuration/Poison/Air       3
   c - Conjure Flame                  Conjuration/Fire             3
   d - Freezing Cloud                 Conjuration/Ice/Air          6
   e - Ring of Flames                 Charms/Fire                  7


   Skills:
 + Level 9.8 Fighting
   Level 9.2(11.4) Axes
 + Level 11.2(12.4) Polearms
 - Level 1.5 Throwing
 + Level 6.5 Armour
 + Level 6.4 Dodging
 + Level 0.5 Evocations


You had 11 spell levels left.
You didn't know any spells.

Dungeon Overview and Level Annotations

Branches:
Dungeon (12/15)            Temple (1/1) D:6            Lair (0/6) D:10
    Orc (2/2) D:9             Elf (0/3) Orc:2

Altars:
Cheibriados
Fedhas
Gozag
Hepliaklqana
Kikubaaqudgha
Nemelex Xobeh
Ru
Sif Muna
Trog
Xom
Yredelemnul
Zin
The Shining One

Shops:
D:6 [   D:11 (   Orc:2 !

Portals:
Trove: D:11 (give 6 scrolls of blinking)

Annotations:
D:3 runt's ghost, amateur DrIE
D:5 1 runed door
Orc:2 Rupert


Innate Abilities, Weirdness & Mutations

You do not eat or drink.
Your flesh is vulnerable to fire.
You are immune to poison.
Your flesh is cold resistant. (rC+)
You are immune to negative energy. (rN+++)
You are immune to unholy pain and torment.
You can survive without breathing.


Message History

You are too injured to fight recklessly!
You are too injured to fight recklessly!
Evoke which item? (* to show all) (? for menu, Esc to quit)
Aiming: Corrosive Bolt
Press: ? - help, Shift-Dir - straight line, f/p - Rupert
Aim: Rupert, wielding a great mace of holy wrath and wearing a runed chain mail (heavily wounded, covered in acid)
The bolt of acid misses Rupert.
This wand has 2 charges left.
Evoke which item? (* to show all) (? for menu, Esc to quit)
Aiming: Corrosive Bolt
Press: ? - help, Shift-Dir - straight line, f/p - Rupert
Aim: Rupert, wielding a great mace of holy wrath and wearing a runed chain mail (heavily wounded, covered in acid)
The bolt of acid hits Rupert.
Rupert is splashed with acid.
The acid corrodes Rupert!
Rupert is severely wounded.
This wand has 1 charge left.
Rupert hits you with a great mace of holy wrath!!
* * * LOW HITPOINT WARNING * * *
You convulse!!
You die...
Your body crumbles into a pile of gold.

...............
........$..$..$
...............
....#..........
............
#.#......
#...@.#
##..$@.# #
#.$....# ..##
##.....# ....
##....# ....$#
##...##+#.#....
##...........#
$ ###........##
$ #.........#
##.....##..#


You could see Rupert.

Vanquished Creatures
  A hydra (D:12)
  7 two-headed ogres
  3 death yaks
  The ghost of smzp the Basher, a journeyman GrFi of the Shining One (Orc:1)
  An orc high priest (Orc:1)
  2 deep elf magi
  An orc sorcerer (D:9)
  3 cyclopes
  2 centaur zombies
  A centaur skeleton (D:12)
  A kobold demonologist (D:11)
  6 trolls
  2 meliai (D:12)
  Grinder (D:5)
  Prince Ribbit (D:5)
  2 slime creatures
  A hornet (D:8)
  2 hippogriffs
  A meliai zombie (D:12)
  Sigmund (D:5)
  7 yaks
  A wyvern (D:10)
  A hungry ghost (D:11)
  Menkaure (D:7)
  A soldier ant (D:12)
  A porcupine (D:10)
  2 water moccasins
  3 black bears
  11 orc warriors
  Duvessa (D:5)
  2 ice beasts
  2 eyes of draining
  7 phantoms
  5 sky beasts
  A hornet zombie (D:5)
  5 ogres
  13 centaurs
  A big kobold (D:9)
  11 bullfrogs
  Blork the orc (D:6)
  Dowan (D:5)
  2 wyvern skeletons (D:11)
  2 scorpions
  4 killer bees (D:12)
  4 howler monkeys
  16 wights
  10 crimson imps
  A bullfrog zombie (D:11)
  2 quasits
  9 hounds
  A gnoll shaman (D:9)
  5 orc priests
  2 bullfrog skeletons
  11 jellies
  Jessica (D:3)
  3 iguanas
  Natasha (thrice) (D:4)
  16 orc wizards
  A hell rat (D:10)
  11 worker ants
  2 hound skeletons
  4 worker ant zombies
  13 gnolls
  11 adders
  2 river rats
  A shadow imp (D:7)
  21 oozes
  2 adder zombies
  2 adder skeletons
  3 worms
  3 dart slugs
  7 leopard geckos
  36 orcs
  6 giant cockroaches
  7 goblins
  12 hobgoblins
  10 jackals
  11 kobolds
  12 quokkas
  6 bats
  6 frilled lizards
  A goblin zombie (D:5)
  A jackal zombie (D:5)
  2 leopard gecko skeletons
  13 rats
416 creatures vanquished.

Vanquished Creatures (others)
  2 orc wizards
  4 fungi (D:6)
6 creatures vanquished.

Grand Total: 422 creatures vanquished

Notes
Turn   | Place    | Note
-------+----------+-------------------------------------------
     0 | D:1      | Manul the Mummy Gladiator began the quest for the Orb.
     0 | D:1      | Reached XP level 1. HP: 16/16 MP: 1/1
   438 | D:1      | Reached XP level 2. HP: 15/22 MP: 2/2
   880 | D:2      | Reached XP level 3. HP: 14/27 MP: 3/3
  1408 | D:2      | Found an ancient bone altar of Kikubaaqudgha.
  1408 | D:2      | Found a blossoming altar of Fedhas.
  1762 | D:3      | Noticed Jessica
  1777 | D:3      | Reached XP level 4. HP: 32/33 MP: 4/4
  1787 | D:3      | Reached skill level 1 in Armour
  1793 | D:3      | Noticed runt's ghost (amateur DrIE)
  2252 | D:2      | Noticed an ice beast
  2259 | D:2      | Killed an ice beast
  2259 | D:2      | Reached XP level 5. HP: 18/39 MP: 5/5
  2555 | D:3      | Found a glowing golden altar of the Shining One.
  2555 | D:3      | Found a glowing silver altar of Zin.
  2565 | D:3      | Killed Jessica
  2954 | D:3      | Noticed a centaur
  3585 | D:4      | Noticed Natasha
  3592 | D:4      | Killed Natasha
  3621 | D:4      | Noticed Natasha
  3629 | D:4      | Killed Natasha
  3629 | D:4      | Reached XP level 6. HP: 41/47 MP: 6/6
  3977 | D:4      | Noticed Natasha
  3986 | D:4      | Killed Natasha
  4750 | D:5      | Entered Level 5 of the Dungeon
  4807 | D:5      | Reached XP level 7. HP: 42/52 MP: 7/7
  4850 | D:5      | Found a runed door.
  4850 | D:5      | Noticed a human
  4878 | D:5      | Found a basalt altar of Yredelemnul.
  4905 | D:5      | Reached skill level 5 in Axes
  5237 | D:5      | Noticed Grinder
  5246 | D:5      | Paralysed by Grinder for 6 turns
  5263 | D:5      | Paralysed by Grinder for 3 turns
  5281 | D:5      | Killed Grinder
  5531 | D:5      | Noticed Sigmund
  5546 | D:5      | Killed Sigmund
  5546 | D:5      | Reached XP level 8. HP: 44/60 MP: 8/8
  5735 | D:5      | Noticed Prince Ribbit
  6179 | D:6      | Noticed Blork the orc
  6522 | D:5      | Noticed Dowan
  6523 | D:5      | Noticed Duvessa
  6544 | D:5      | Killed Duvessa
  6561 | D:5      | Killed Dowan
  6569 | D:5      | Killed Prince Ribbit
  6569 | D:5      | Reached skill level 5 in Fighting
  7126 | D:5      | Reached XP level 9. HP: 64/68 MP: 9/9
  7319 | D:6      | Killed Blork the orc
  7409 | D:6      | Reached skill level 5 in Armour
  7791 | D:6      | Found Gamanir's Antique Armour Shop.
  7798 | D:6      | Found a staircase to the Ecumenical Temple.
  7807 | Temple   | Entered the Ecumenical Temple
  7860 | Temple   | Became a worshipper of Gozag Ym Sagoz the Greedy
  7945 | D:6      | Noticed a two-headed ogre
  7964 | D:6      | Killed a two-headed ogre
  9275 | D:6      | Bought an ichor-stained chain mail for 304 gold pieces
  9285 | D:6      | Identified the cursed +1 chain mail "Ypteace" {rC+} (You bought it in a shop on level 6 of the Dungeon)
  9350 | D:7      | Reached XP level 10. HP: 52/77 MP: 10/10
  9918 | D:6      | Reached skill level 1 in Polearms
 10369 | D:6      | Bought a crude leather armour for 224 gold pieces
 10502 | D:6      | Identified the +2 leather armour "Veulutz" {rC- MR+++ Str+4 Dex-2} (You bought it in a shop on level 6 of the Dungeon)
 10528 | D:7      | Reached skill level 2 in Polearms
 10887 | D:7      | Got a crude brass ring
 11151 | D:7      | Identified the ring of Lyngos {rPois MR+ AC+5 Int+4 Dex+2} (You took it off an orc warrior on level 7 of the Dungeon)
 11227 | D:7      | Noticed a deep elf mage
 11240 | D:7      | Reached skill level 3 in Polearms
 11263 | D:7      | Killed a deep elf mage
 11321 | D:7      | Reached skill level 4 in Polearms
 11914 | D:7      | Noticed Menkaure
 11923 | D:7      | Killed Menkaure
 12303 | D:8      | Reached skill level 5 in Polearms
 12435 | D:8      | Noticed a two-headed ogre
 12441 | D:8      | Killed a two-headed ogre
 12441 | D:8      | Reached XP level 11. HP: 84/84 MP: 11/11
 12539 | D:8      | Noticed a two-headed ogre
 12548 | D:8      | Killed a two-headed ogre
 12548 | D:8      | Reached skill level 6 in Polearms
 12913 | D:8      | Noticed a two-headed ogre
 12918 | D:8      | Killed a two-headed ogre
 13444 | D:9      | Reached skill level 7 in Polearms
 13726 | D:9      | Found a sparkling altar of Nemelex Xobeh.
 13827 | D:9      | Found a staircase to the Orcish Mines.
 14014 | D:9      | Reached skill level 5 in Dodging
 14077 | D:10     | Entered Level 10 of the Dungeon
 14077 | D:10     | Noticed a two-headed ogre
 14081 | D:10     | Killed a two-headed ogre
 14602 | D:10     | Reached skill level 8 in Polearms
 14621 | D:10     | Noticed a death yak
 14623 | D:10     | Noticed a death yak
 14624 | D:10     | Noticed a death yak
 14673 | D:9      | Killed a death yak
 15075 | D:10     | Found a staircase to the Lair.
 15124 | D:10     | Killed a death yak
 15138 | D:10     | Killed a death yak
 15396 | D:10     | Noticed a two-headed ogre
 15406 | D:10     | Killed a two-headed ogre
 15617 | D:10     | Reached skill level 9 in Polearms
 15965 | D:11     | Reached XP level 12. HP: 89/94 MP: 12/12
 15988 | D:11     | Found a portal to a secret trove of treasure.
 16041 | D:10     | Upgraded the game from 0.21-a0-243-g597973d to 0.21-a0-244-gd4adca8
 16044 | D:10     | Noticed a two-headed ogre
 16361 | D:10     | Killed a two-headed ogre
 16990 | D:12     | Reached skill level 10 in Polearms
 17199 | D:12     | Noticed a six-headed hydra
 17215 | D:12     | Killed a 16-headed hydra
 18364 | Orc:1    | Entered Level 1 of the Orcish Mines
 18364 | Orc:1    | Noticed an orc high priest
 18364 | Orc:1    | Noticed smzp's ghost (journeyman GrFi)
 18381 | D:9      | Reached skill level 11 in Polearms
 19128 | Orc:1    | Killed smzp's ghost
 19139 | Orc:1    | Killed an orc high priest
 19592 | Orc:2    | Entered Level 2 of the Orcish Mines
 19637 | Orc:2    | Found Nyolef's Distillery.
 19648 | Orc:2    | Found a staircase to the Elven Halls.
 19650 | Orc:2    | Noticed Rupert
 20085 | Orc:2    | Mangled by Rupert

Vault maps used:
D:1:      dpeg_arrival_rooms_a, serial_bayou_ford_a, st_stairs_8
D:2:      grunt_temple_overflow_growth_and_decay, first_bread
D:3:      old_standard_altar, overflow_temple_1_default, gup_sewer_entry_spiral,
          uniq_jessica
D:4:      kennysheep_small_square, uniq_natasha
D:5:      minmay_fountain_box, dk_yredelemnul_ordeal, uniq_duvessa,
          uniq_sigmund, uniq_prince_ribbit1, uniq_grinder
D:6:      lemuel_slime, minmay_temple_entry_mist, serial_shops,
          nicolae_shop_stone, uniq_blork_the_orc
D:7:      minmay_the_grid_four_pointed_star, grunt_decor_mini_mirrors,
          uniq_menkaure
D:8:      grunt_ministairs_15, minivault_24
D:9:      nemelex_xobeh_ov_fountains_minmay, orc_0_dummy
D:10:     dpeg_lair_monsters
D:11:     enter_trove_2, hangedman_little_slice_of_home
D:12:     eino_jars
Temple:   bh_familiar_temple
Orc:1:    lightli_church_of_beogh
Orc:2:    grunt_orc_community_town_hall, grunt_orc_community_big_house_1,
          grunt_orc_community_big_house_2, grunt_orc_community_house_3,
          grunt_orc_community_house_2, grunt_orc_community_house_2,
          grunt_orc_community_house_2, grunt_orc_community_house_3,
          serial_shops, nicolae_shop_crystal, mines3_lemuel, uniq_azrael,
          uniq_rupert

Skill      XL: |  1  2  3  4  5  6  7  8  9 10 11 12 |
---------------+-------------------------------------+-----
Axes           | 3 4 6 7 9 |  9.2
Armour         | 1 2 3 4 5 6 |  6.5
Dodging        | 3 4 5 6 |  6.4
Fighting       | 3 4 5 6 7 8 9 |  9.8
Polearms       | 5 9 11 | 11.2
Throwing       | |  1.5
Evocations     | |  0.5

Action                   |  1- 3 |  4- 6 |  7- 9 | 10-12 || total
-------------------------+-------+-------+-------+-------++-------
Melee: War axe           |   150 |   171 |   515 |    20 ||   856
       Bardiche          |       |    16 |       |       ||    16
       Halberd           |       |       |       |   968 ||   968
Throw: Throwing net      |       |     1 |     4 |     5 ||    10
Invok: Call Merchant     |       |       |       |     1 ||     1
Evoke: Wand              |       |       |     5 |    10 ||    15
  Use: Scroll            |       |     3 |     3 |    13 ||    19
 Stab: Sleeping          |       |       |       |     2 ||     2
       Distracted        |       |       |       |     5 ||     5
       Held in net/web   |       |       |       |     2 ||     2
Armor: Chain mail        |    97 |   109 |   228 |    27 ||   461
       Leather armour    |     2 |       |       |   204 ||   206
Dodge: Dodged            |    82 |    76 |   296 |   749 ||  1203
Block: Other             |       |       |    11 |   151 ||   162
       Reflection        |       |       |     1 |     4 ||     5

Table legend:
 A = Spawn XP
 B = Non-spawn XP
 C = Spawn XP percentage of total XP
 D = Spawn monster count
 E = Non-spawn monster count
 F = Spawn count percentage of total count
 G = Total turns spent on level
                    A         B        C        D         E        F      G
               +---------+---------+-------+---------+---------+-------+---------
         Total |    4213 |   32943 |  11.3 |      75 |     342 |  18.0 | 20085
               +---------+---------+-------+---------+---------+-------+---------
           D:1 |       7 |      22 |  24.1 |       2 |      14 |  12.5 |   871
           D:2 |     142 |      58 |  71.0 |       8 |      19 |  29.6 |  2294
           D:3 |       2 |     231 |   0.9 |       1 |      28 |   3.4 |   691
           D:4 |       7 |     390 |   1.8 |       4 |      16 |  20.0 |  1607
           D:5 |     196 |    1619 |  10.8 |       7 |      19 |  26.9 |  1904
           D:6 |     242 |    2783 |   8.0 |       8 |      41 |  16.3 |  2354
           D:7 |     121 |    3485 |   3.4 |       7 |      39 |  15.2 |  2250
           D:8 |     934 |    3306 |  22.0 |       4 |      25 |  13.8 |  1191
           D:9 |     168 |    3218 |   5.0 |       7 |      28 |  20.0 |  2469
          D:10 |    1392 |    5392 |  20.5 |       5 |      28 |  15.2 |  1615
          D:11 |     176 |    3683 |   4.6 |       6 |      31 |  16.2 |   608
          D:12 |     826 |    6346 |  11.5 |      16 |      41 |  28.1 |  1396
         Orc:1 |       0 |    1772 |   0.0 |       0 |       3 |   0.0 |   274
         Orc:2 |       0 |     638 |   0.0 |       0 |      10 |   0.0 |   493
               +---------+---------+-------+---------+---------+-------+---------
